 Dungeon Crawl Stone Soup version 0.31.0-12-g77e489cdc1 (webtiles) character file.

Game seed: 11862105495038887079

224 PaiMei the Grave Robber (level 5, -3/38 HPs)
             Began as a Demonspawn Necromancer on Feb 11, 2024.
             Slain by a gnoll bouda
             ... wielding a +0 whip
              (10 damage)
             ... on level 4 of the Dungeon.
             The game lasted 00:06:56 (3308 turns).

PaiMei the Grave Robber (Demonspawn Necromancer)    Turns: 3308, Time: 00:06:56

Health: -3/38      AC:  4    Str:  9    XL:     5   Next: 67%
Magic:  0/9        EV: 13    Int: 17    God:
Gold:   75         SH:  0    Dex: 13    Spells: 2/10 levels left

rFire   . . .        e - +1 short sword (venom)
rCold   . . .        (no shield)
rNeg    . . .        a - +0 robe
rPois   .            v - +0 helmet
rElec   .            (no cloak)
rCorr   .            q - +0 pair of gloves
SInv    .            (no boots)
Will    .....        (no amulet)
Stlth   ++           (no ring)
HPRegen 0.26/turn    (no ring)
MPRegen 0.11/turn

%: no passive effects
@: no status effects
A: foul stench 1
a: no special abilities


You were on level 4 of the Dungeon.
You visited 1 branch of the dungeon, and saw 4 of its levels.

You collected 75 gold pieces.

Inventory:

Hand Weapons
 e - a +1 short sword of venom (weapon)
Missiles
 i - 10 poisoned darts (quivered)
Armour
 a - a +0 robe (worn)
 m - a +0 kite shield
 q - a +0 pair of gloves (worn)
 v - a +0 helmet (worn)
Magical Staves
 w - a staff of death
Jewellery
 k - an amulet of guardian spirit
 l - an amulet of regeneration
 t - a ring of willpower
Wands
 s - a wand of acid (13)
Scrolls
 d - 5 scrolls of identify {unknown}
 g - a scroll of blinking {unknown}
 h - 2 scrolls of amnesia {unknown}
 n - a scroll of vulnerability {unknown}
 o - a scroll of enchant armour {unknown}
 p - a scroll of immolation {unknown}
 u - a scroll of fear {unknown}
Potions
 b - 2 potions of magic
 c - 2 potions of curing {unknown}
 f - a potion of attraction {unknown}
 j - 2 potions of degeneration {unknown}
 r - 2 potions of haste {unknown}


   Skills:
 + Level 2.3 Fighting
 + Level 3.1 Dodging
 - Level 2.0 Stealth
 + Level 3.2 Spellcasting
 + Level 5.4 Necromancy


You had 2 spell levels left.
You knew the following spells:

 Your Spells              Type           Power      Damage    Failure   Level
a - Necrotise             Necr           84%        1d8       1%          1
b - Vampiric Draining     Necr           21%        2d7       5%          3
c - Animate Dead          Necr           21%        N/A       19%         4

Your spell library contained the following spells:

 Spells                   Type           Power      Damage    Failure   Level
 Freeze                   Ice            8%         1d3       17%         1
 Sting                    Conj/Alch      8%         1d3       17%         1
 Mercury Vapours          Alch/Air       4%         N/A       26%         2
 Frozen Ramparts          Ice            4%         1d1       45%         3
 Hailstorm                Conj/Ice       2%         3d5       45%         3
 Curse of Agony           Necr           21%        N/A       45%         5
 Olgreb's Toxic Radiance  Alch           2%         N/A       86%         4


Dungeon Overview and Level Annotations

Branches:
Dungeon (4/15)
 Temple: D:4-7

Altars:
Makhleb
Nemelex Xobeh
Ru
Sif Muna
Trog
Vehumet
Wu Jian
Xom
Yredelemnul


Innate Abilities, Weirdness & Mutations

You may rarely emit foul miasma when damaged in melee.


Message History

The gnoll shoots a sling bullet.
The sling bullet hits you!
There is a stone staircase leading down here.
An orc comes into view. It is wielding a +0 flail.
Found 13 gold pieces.
The orc shouts!
There is a stone staircase leading up here.
There is a stone staircase leading up here.
A jackal comes into view.
The jackal moves out of view.
Casting: Necrotise (safe; 1% risk of failure)
Confirm with . or Enter, or press ? or * to list all spells.
Aiming: Necrotise (safe; 1% risk of failure)
Press: ? - help, Shift-Dir - straight line, f - gnoll bouda
Aim: a gnoll bouda, wielding a +0 whip and wearing a +0 robe (chance to affect: 80%)
The gnoll bouda writhes in agony.
The gnoll shoots a sling bullet.
The sling bullet hits you.
You hear a shout!
Casting: Necrotise (safe; 1% risk of failure)
Confirm with . or Enter, or press ? or * to list all spells.
Aiming: Necrotise (safe; 1% risk of failure)
Press: ? - help, Shift-Dir - straight line, f/p - gnoll bouda
Aim: a gnoll bouda, wielding a +0 whip and wearing a +0 robe (lightly wounded, chance to affect: 80%)
The gnoll bouda writhes in agony.
The gnoll bouda hits you with a +0 whip!
The gnoll shoots a sling bullet.
The sling bullet hits you.
There is a stone staircase leading up here.
Casting: Necrotise (safe; 1% risk of failure)
Confirm with . or Enter, or press ? or * to list all spells.
Aiming: Necrotise (safe; 1% risk of failure)
Press: ? - help, Shift-Dir - straight line, f/p - gnoll bouda
Aim: a gnoll bouda, wielding a +0 whip and wearing a +0 robe (heavily wounded, chance to affect: 80%)
The gnoll bouda writhes in agony!
The orc hits you but does no damage.
The gnoll bouda barks out a call to the hunt!
The gnoll picks up the pace!
A ball python comes into view.
The ball python hisses angrily.
You hear an angry hiss.
The orc hits you with a +0 flail!
* * * LOW HITPOINT WARNING * * *
The gnoll bouda hits you with a +0 whip!
You die...

##.#....g..##.###...####
#......###.##.##........
#..#.>..............####
#.###..#...###.##.##..#.#
#........### #.#........#
#..#.#.### ###..#.#...###
##.####...........
.#.#....g.....#.#...
.........o@.###...#..
.....S...g.## #.##
......#####.# .# ##.##.
#... . ... .. #.#.# #. $#
##. ..#... .# ### #.# .#


You could see a gnoll bouda, a gnoll (swift), an orc and a ball python.

Vanquished Creatures
  2 hounds (D:4)
  Ijyb (D:3)
  2 adders (D:3)
  5 gnolls
  4 dart slugs
  3 ribbon worms (D:2)
  6 ball pythons
  3 bats (D:1)
  4 endoplasms
  5 goblins
  6 hobgoblins
  4 jackals (D:1)
  4 quokkas
  3 frilled lizards
  3 kobolds
  2 rats
57 creatures vanquished.

Vanquished Creatures (collateral kills)
  An endoplasm (D:1)
1 creature vanquished.

Grand Total: 58 creatures vanquished

Notes
Turn   | Place    | Note
-------+----------+-------------------------------------------
     0 | D:1      | PaiMei the Demonspawn Necromancer began the quest for the
                  | Orb.
     0 | D:1      | Reached XP level 1. HP: 13/13 MP: 3/3
   277 | D:1      | Gained mutation: You may rarely emit foul miasma when
                  | damaged in melee. [demonic ancestry]
   277 | D:1      | Reached XP level 2. HP: 19/19 MP: 0/5
   484 | D:1      | Found a faded altar of an unknown god.
   638 | D:1      | Reached XP level 3. HP: 25/25 MP: 4/6
   642 | D:1      | Learned a level 3 spell: Vampiric Draining
  1205 | D:2      | Reached skill level 1 in Fighting
  1324 | D:2      | Reached XP level 4. HP: 32/32 MP: 0/7
  1454 | D:2      | Reached skill level 5 in Necromancy
  1579 | D:2      | Found a shimmering altar of Xom.
  2132 | D:3      | Found a burning altar of Makhleb.
  2132 | D:3      | Found a radiant altar of Vehumet.
  2133 | D:3      | Found a bloodstained altar of Trog.
  2133 | D:3      | Found a shimmering blue altar of Sif Muna.
  2133 | D:3      | Found a basalt altar of Yredelemnul.
  2134 | D:3      | Found a sacrificial altar of Ru.
  2134 | D:3      | Found an ornate altar of the Wu Jian Council.
  2138 | D:3      | Found a sparkling altar of Nemelex Xobeh.
  2325 | D:3      | Noticed Ijyb
  2333 | D:3      | Killed Ijyb
  2334 | D:3      | Reached XP level 5. HP: 15/38 MP: 0/9
  2535 | D:3      | Learned a level 4 spell: Animate Dead
  3308 | D:4      | Slain by a gnoll bouda

Illustrated notes

Levels and vault maps discovered:
D:1:      erik_arrival_cave_to_civilisation [erik_arrival_cave_to_hall],
          layout_basic, hellmonk_ecumenical_altar_dog_temple
D:2:      layout_basic, basic_altar
D:3:      layout_basic, nicolae_overflows_in_rows, uniq_ijyb
D:4:      layout_loops_ring, dk_noncrumbling_4

Skill      XL: |  1  2  3  4  5 |
---------------+----------------+-----
Stealth        | 2 |  2.0
Dodging        | 2 3 |  3.1
Fighting       | 1 2 |  2.3
Necromancy     | 5 |  5.4
Spellcasting   | 3 |  3.2

Action                     |  1- 3 |  4- 6 || total
---------------------------+-------+-------++-------
  Melee: Unarmed           |     5 |       ||     5
         Short sword       |     9 |     9 ||    18
         Punch             |       |     1 ||     1
   Cast: Necrotise         |    56 |    74 ||   130
 Armour: Robe              |    13 |    26 ||    39
  Dodge: Dodged            |    19 |    22 ||    41
